 Dungeon Crawl Stone Soup version 0.32-a0-834-geaf45d8e21 (webtiles) character file.

Game seed: 13712774486696653334

39 AstroCodex24 the Trooper (level 3, -2/29 HPs)
             Began as a Vampire Fighter on Mar 26, 2024.
             Slain by a gnoll
             ... wielding a +0 spear
              (4 damage)
             ... on level 3 of the Dungeon.
             The game lasted 00:01:31 (337 turns).

AstroCodex24 the Trooper (Vampire Fighter)           Turns: 337, Time: 00:01:32

Health: -2/29      AC:  7    Str: 17    XL:     3   Next: 26%
Magic:  3/3        EV:  8    Int: 10    God:
Gold:   45         SH:  4    Dex: 13    Spells: 2/2 levels left

rFire   . . .        a - +0 war axe
rCold   . . .        c - +0 buckler
rNeg    . . .        b - +0 scale mail
rPois   .            (no helmet)
rElec   .            (no cloak)
rCorr   .            f - +0 pair of gloves
SInv    +            (no boots)
Will    .....        (no amulet) Stlth
                     (no ring)
HPRegen 0.44/turn    (no ring)
MPRegen 0.08/turn

%: no passive effects
@: healing quickly
A: alive, fangs 3, see invisible, vampiric 2
a: Exsanguinate


You were on level 3 of the Dungeon.
You visited 1 branch of the dungeon, and saw 3 of its levels.

You collected 45 gold pieces.

Inventory:

Hand Weapons
 a - a +0 war axe (weapon)
Armour
 b - a +0 scale mail (worn)
 c - a +0 buckler (worn)
 f - a +0 pair of gloves (worn)
Scrolls
 g - a scroll of identify {unknown}
 l - a scroll of blinking {unknown}
Potions
 d - a potion of might
 e - a potion of lignification {unknown}
 h - a potion of invisibility {unknown}
 i - a potion of curing {unknown}
 j - a potion of ambrosia {unknown}
 k - 2 potions of heal wounds {unknown}
 m - a potion of attraction {unknown}


   Skills:
 + Level 3.1 Fighting
 + Level 2.2 Axes
 + Level 2.8 Armour
 + Level 3.0 Shields


You had 2 spell levels left.
You didn't know any spells.
Your spell library was empty.

Dungeon Overview and Level Annotations

Branches:
Dungeon (3/15)

Altars:


Innate Abilities, Weirdness & Mutations

Your natural rate of healing is accelerated.
You have razor-sharp teeth.
You have supernaturally acute eyesight. (SInv)
You are afflicted with vampirism and can become a bat while bloodless.


Message History

A gnoll comes into view. It is wielding a +0 spear.
You block the gnoll's attack. The gnoll hits you but does no damage.
The gnoll shouts!
You hit the gnoll but do no damage. You closely miss the gnoll.
The gnoll closely misses you. You block the gnoll's attack.
You hit the gnoll.
The gnoll is moderately wounded.
You hit the gnoll. You barely miss the gnoll.
The endoplasm jiggles.
The gnoll hits you from afar with a +0 spear.
The gnoll hits you with a +0 whip.
The gnoll hits you but does no damage. x2
You slash the gnoll!
You kill the gnoll!
You slash the gnoll! You barely miss the gnoll. The gnoll barely misses you. x2
The gnoll hits you with a +0 club. x2; The frilled lizard barely misses you.
The gnoll closely misses you. The gnoll barely misses you.
You barely miss the frilled lizard. You hit the gnoll. x2
The gnoll hits you with a +0 spear. The gnoll closely misses you.
The gnoll hits you from afar with a +0 spear.
The frilled lizard barely misses you.
You barely miss the frilled lizard. You hit the gnoll.
You barely miss the gnoll. The gnoll completely misses you.
The gnoll hits you but does no damage.
The frilled lizard bites you but does no damage.
The gnoll hits you but does no damage. x3
The frilled lizard bites you but does no damage.
The gnoll barely misses you.
The gnoll hits you from afar with a +0 spear.
You closely miss the frilled lizard. Your bite misses the frilled lizard.
The gnoll hits you from afar with a +0 spear!
* * * LOW HITPOINT WARNING * * *
The frilled lizard bites you but does no damage.
You closely miss the frilled lizard. You block the gnoll's attack.
The gnoll hits you from afar with a +0 spear.
* * * LOW HITPOINT WARNING * * *
The frilled lizard bites you but does no damage.
You closely miss the frilled lizard.
The gnoll hits you but does no damage. x2
The frilled lizard barely misses you. The gnoll hits you but does no damage.
The gnoll hits you from afar with a +0 spear.
You die...

# #.###### .#
#.....<## .=#
##.###...##...#
...............
.#.###...##...#
##@## ..# #l#
.#
#....ggg......
.......J...#..#
#####.####.# ..
... ##. ##. . #
#


You could see 3 gnolls, an endoplasm and a frilled lizard.

Vanquished Creatures
  A gnoll (D:3)
  2 adders (D:2)
  2 ball pythons
  3 hobgoblins (D:1)
  A quokka (D:1)
  A frilled lizard (D:1)
  A kobold (D:2)
  A rat (D:2)
12 creatures vanquished.

Notes
Turn   | Place    | Note
-------+----------+-------------------------------------------
     0 | D:1      | AstroCodex24 the Vampire Fighter began the quest for the
                  | Orb.
     0 | D:1      | Reached XP level 1. HP: 17/17 MP: 1/1
   181 | D:2      | Reached XP level 2. HP: 23/23 MP: 2/2
   313 | D:2      | Gained mutation: You are afflicted with vampirism and can
                  | become a bat while bloodless. [Vampire growth]
   313 | D:2      | Reached XP level 3. HP: 29/29 MP: 3/3
   336 | D:3      | HP: 1/29 [gnoll/+0 spear (4)]
   337 | D:3      | Slain by a gnoll

Illustrated notes

Levels and vault maps discovered:
D:1:      zelgadis_glass_arrival_small, layout_basic
D:2:      layout_rooms, uniq_jessica
D:3:      layout_loops_ring, ashenzari_altar_1, gup_sewer_entry_bowl,
          uniq_terence, uniq_grinder, uniq_crazy_yiuf_cottage

Skill      XL: |  1  2 |
---------------+-------+-----
Fighting       | 3 |  3.1
Axes           | 2 |  2.2
Shields        | 3 |  3.0
Armour         | |  2.8

Action                     || total
---------------------------++-------
  Melee: War axe           ||    39
         Bite              ||     1
 Armour: Scale mail        ||    53
  Dodge: Dodged            ||    20
  Block: Buckler           ||    13

Table legend: (Time is in decaauts)
 A = Elapsed time spent in this place.
 B = Non-inter-level travel time spent in this place.
 C = Inter-level travel time spent in this place.
 D = Time resting spent in this place.
 E = Time spent auto-exploring this place.
 F = Levels seen in this place.
 G = Mean time per level.
                   A        B        C        D        E       F      G
               +--------+--------+--------+--------+--------+-----+--------+
         Total |    353 |    353 |      0 |      0 |      0 |   3 |  117.7 |
       Dungeon |    353 |    353 |      0 |      0 |      0 |   3 |  117.7 |
               +--------+--------+--------+--------+--------+-----+--------+

Top non-repeatable levels by time:
     D:1: 184 daAuts
     D:2: 152 daAuts
     D:3: 16 daAuts
